 Dungeon Crawl Stone Soup version 0.26-a0-808-g930a2b7adc (webtiles) character file.

Game seed: 98809579917570649

12045 Kinoniko the Cleaver (level 11, -2/109 HPs)
             Began as an Ogre Berserker on Nov 12, 2020.
             Was an Elder of Trog.
             Slain by a skeletal warrior
             ... wielding a +2 long sword of protection
             ... led by a skeletal warrior
              (14 damage)
             ... on level 11 of the Dungeon.
             The game lasted 00:13:54 (11243 turns).

Kinoniko the Cleaver (Ogre Berserker)              Turns: 11243, Time: 00:13:55

Health: -2/109     AC: 10    Str: 26    XL:     11   Next: 87%
Magic:  20/20      EV: 12    Int:  8    God:    Trog [****..]
Gold:   565        SH: 19    Dex:  8    Spells: 10/10 levels left

rFire    . . .     SeeInvis .   i - +0 war axe
rCold    . . .     Faith    .   p - +2 tower shield
rNeg     . . .     Spirit   .   F - +0 troll leather armour
rPois    .         Reflect  .   n - +2 hat
rElec    .         Harm     .   m - +2 cloak
rCorr    .         Rampage  .   (gloves unavailable)
MR       +....                  (boots unavailable)
Stlth    +.........             (no amulet)
HPRegen  0.68/turn              q - ring of magical power
MPRegen  0.17/turn              y - +4 ring of evasion

@: berserk cooldown, slowed, very slow
A: large, unfitting armour, tough skin 1
a: Berserk, Trog's Hand, Brothers in Arms, Renounce Religion


You were on level 11 of the Dungeon.
You worshipped Trog.
Trog was greatly pleased with you.
You visited 1 branch of the dungeon, and saw 11 of its levels.

You collected 714 gold pieces.
You spent 149 gold pieces at shops.

Inventory:

Hand Weapons
 i - a +0 war axe (weapon)
Armour
 b - a +0 animal skin
 m - a +2 cloak (worn)
 n - a +2 hat (worn)
 p - a +2 tower shield (worn)
 E - a +0 robe
 F - a +0 troll leather armour (worn)
Jewellery
 o - a cursed ring of resist corrosion
 q - a ring of magical power (left hand)
 r - a +6 ring of intelligence
 y - a +4 ring of evasion (right hand)
 z - an uncursed ring of flight
 B - an uncursed ring of protection from fire
Wands
 t - a wand of acid (7)
Scrolls
 e - 3 scrolls of teleportation
 j - 2 scrolls of remove curse
 k - 3 scrolls of noise
 u - 2 scrolls of magic mapping
 x - 2 scrolls of torment {unknown}
 D - a scroll of blinking {unknown}
Potions
 a - a potion of berserk rage {unknown}
 c - 5 potions of curing
 d - 3 potions of flight
 f - 4 potions of attraction
 g - a potion of magic {unknown}
 h - a potion of might
 l - 2 potions of ambrosia {unknown}
 v - a potion of mutation {unknown}
 A - 3 potions of degeneration {unknown}
 C - 2 potions of lignification {unknown}
 G - a potion of brilliance {unknown}


   Skills:
 + Level 7.1 Fighting
 * Level 14.8 Axes
 - Level 2.6 Dodging
 + Level 8.9 Shields


You had 10 spell levels left.
You didn't know any spells.
Your spell library was empty.

Dungeon Overview and Level Annotations

Branches:
Dungeon (11/15)            Temple (0/1) D:6             Orc (0/2) D:10
   Lair: D:8-11

Altars:
Dithmenos
Fedhas
Hepliaklqana
Kikubaaqudgha
Makhleb
Nemelex Xobeh
Okawaru
Uskayaw
Xom
Yredelemnul
The Shining One
Lugonu

Shops:
D:4 **[}

Annotations:
D:8 2 transporters


Innate Abilities, Weirdness & Mutations

You are too large for most types of armour.
You have tough skin. (AC +1)


Message History

You hit the skeletal warrior but do no damage.
The skeletal warrior is heavily damaged.
You barely miss the skeletal warrior.
The skeletal warrior hits you with a +2 long sword of protection.
The skeletal warrior hits you with a +1 halberd of protection!
You barely miss the skeletal warrior.
The skeletal warrior is heavily damaged.
You hit the skeletal warrior.
You block the skeletal warrior's attack.
The orc priest mumbles some strange prayers to Beogh against you.
Beogh smites you!
You block the skeletal warrior's attack.
You block the skeletal warrior's attack.
The skeletal warrior hits you with a +2 long sword of protection!!
* * * LOW HITPOINT WARNING * * *
You fail to use your ability.
The skeletal warrior hits you from afar with a +1 halberd of protection!
* * * LOW HITPOINT WARNING * * *
The skeletal warrior hits you with a +2 long sword of protection!
You die...

### #.. #.# ###.#
..o# oo##### #zo...#
#z###.########
#@##..........
#.##.##..........
#................#
####.##..........#
##.##..........#
##....<.........#
.....##...........
..####.............?
.## ###...†.......#


You could see 2 skeletal warriors, an orc priest and 3 orcs.

Vanquished Creatures
  Gastronok (D:8)
  2 two-headed ogres
  2 skeletal warriors
  2 deep elf magi (D:7)
  An ugly thing (D:11)
  A cyclops (D:11)
  A gargoyle (D:10)
  2 trolls
  A hornet (D:8)
  A wraith (D:11)
  A wyvern (D:11)
  An acid dragon (D:10)
  2 water moccasins (D:10)
  4 orc warriors
  A black bear (D:9)
  3 ice beasts
  6 sky beasts
  5 ogres
  4 phantoms
  3 centaurs
  A gnoll sergeant (D:8)
  6 bullfrogs
  4 scorpions
  2 wyvern skeletons
  4 wights (D:9)
  2 howler monkeys
  An electric eel (D:10)
  A jelly (D:10)
  2 centaur skeletons
  A bullfrog skeleton (D:9)
  5 orc priests
  5 hounds
  3 orc wizards
  Crazy Yiuf (D:3)
  2 iguanas
  8 worker ants
  2 hound zombies
  3 worker ant zombies
  8 gnolls
  9 adders
  2 shadow imps
  An ooze (D:2)
  4 adder skeletons
  2 worms (D:2)
  A dart slug (D:1)
  4 leopard geckos
  43 orcs
  9 bats
  4 giant cockroaches
  6 hobgoblins
  9 jackals
  3 quokkas
  2 ball pythons
  7 frilled lizards
  5 goblins
  10 kobolds
  2 quokka skeletons
  11 rats
239 creatures vanquished.

Vanquished Creatures (collateral kills)
  2 skeletal warriors (D:9)
2 creatures vanquished.

Vanquished Creatures (others)
  47 fungi (D:11)
  52 plants (D:11)
99 creatures vanquished.

Grand Total: 340 creatures vanquished

Notes
Turn   | Place    | Note
-------+----------+-------------------------------------------
     0 | D:1      | Kinoniko the Ogre Berserker began the quest for the Orb.
     0 | D:1      | Reached XP level 1. HP: 24/24 MP: 1/1
   158 | D:1      | Reached XP level 2. HP: 31/32 MP: 2/2
   436 | D:1      | Reached ** piety under Trog
   441 | D:1      | Reached skill level 4 in Axes
   757 | D:1      | Reached XP level 3. HP: 36/39 MP: 3/3
  1479 | D:2      | Reached skill level 5 in Axes
  1479 | D:2      | Reached XP level 4. HP: 10/48 MP: 4/4
  1936 | D:2      | Found an iron altar of Okawaru.
  1937 | D:2      | Found a sparkling altar of Nemelex Xobeh.
  2308 | D:3      | Found a burning altar of Makhleb.
  2465 | D:3      | Reached XP level 5. HP: 54/54 MP: 5/5
  2662 | D:3      | Reached skill level 6 in Axes
  2828 | D:3      | Found a runed translucent door.
  2829 | D:3      | Noticed Crazy Yiuf
  2948 | D:3      | Found a basalt altar of Yredelemnul.
  2988 | D:3      | Reached *** piety under Trog
  3113 | D:3      | Killed Crazy Yiuf
  3113 | D:3      | Reached XP level 6. HP: 62/62 MP: 6/6
  3178 | D:4      | Found Emese's General Store.
  3183 | D:4      | Bought a potion of might for 52 gold pieces
  3183 | D:4      | Bought a scroll of enchant armour for 97 gold pieces
  3263 | D:4      | Found Uvom's Armour Emporium.
  3298 | D:4      | Found a shimmering altar of Xom.
  3299 | D:4      | Found a hazy altar of Hepliaklqana.
  3300 | D:4      | Noticed a spectral ugly thing
  3306 | D:4      | Noticed a phantom
  3367 | D:4      | Killed a phantom
  3367 | D:4      | Reached skill level 7 in Axes
  3654 | D:4      | Found Byanoz's General Store.
  3758 | D:4      | Found Kajafem's Gadget Shoppe.
  4360 | D:5      | Entered Level 5 of the Dungeon
  4380 | D:5      | Reached XP level 7. HP: 68/70 MP: 7/7
  4559 | D:5      | Found a sparkling altar of Nemelex Xobeh.
  4643 | D:5      | Reached skill level 1 in Shields
  4820 | D:5      | Reached skill level 8 in Axes
  4976 | D:6      | Found a staircase to the Ecumenical Temple.
  5441 | D:6      | Reached XP level 8. HP: 78/78 MP: 8/8
  5559 | D:6      | Reached skill level 9 in Axes
  5926 | D:6      | Found a shadowy altar of Dithmenos.
  6261 | D:7      | Reached skill level 10 in Axes
  6436 | D:7      | Reached **** piety under Trog
  6436 | D:7      | Reached XP level 9. HP: 84/84 MP: 9/9
  6523 | D:7      | Found a blossoming altar of Fedhas.
  6527 | D:7      | Found an ancient bone altar of Kikubaaqudgha.
  6716 | D:7      | Found a hide-covered altar of Uskayaw.
  6716 | D:7      | Noticed a deep elf mage
  6716 | D:7      | Noticed a deep elf mage
  6727 | D:7      | Noticed a jumping spider
  6727 | D:7      | Killed a deep elf mage
  6727 | D:7      | Reached skill level 5 in Shields
  6744 | D:7      | Killed a deep elf mage
  6744 | D:7      | Reached skill level 11 in Axes
  6970 | D:8      | Found a corrupted altar of Lugonu.
  6971 | D:8      | Noticed a cyan ugly thing
  6971 | D:8      | Noticed a white ugly thing
  6995 | D:8      | Found a transporter.
  6998 | D:8      | Found a transporter.
  7054 | D:8      | Noticed Gastronok
  7074 | D:8      | Killed Gastronok
  7074 | D:8      | Reached skill level 12 in Axes
  7074 | D:8      | Reached XP level 10. HP: 44/92 MP: 10/10
  7654 | D:8      | Noticed a two-headed ogre
  7664 | D:8      | Killed a two-headed ogre
  7664 | D:8      | Reached skill level 13 in Axes
  8758 | D:9      | Found a glowing golden altar of the Shining One.
  8836 | D:9      | Reached XP level 11. HP: 85/100 MP: 11/11
  8953 | D:9      | Noticed a skeletal warrior
  8966 | D:9      | Killed a skeletal warrior
  9007 | D:9      | Noticed a skeletal warrior
  9007 | D:9      | Noticed a skeletal warrior
  9021 | D:9      | Killed a skeletal warrior
  9021 | D:9      | Reached skill level 14 in Axes
  9052 | D:9      | Killed a skeletal warrior
  9052 | D:9      | Reached skill level 5 in Fighting
  9399 | D:10     | Entered Level 10 of the Dungeon
  9621 | D:10     | Found a staircase to the Orcish Mines.
 11004 | D:11     | Noticed a white ugly thing
 11004 | D:11     | Noticed a cyclops
 11020 | D:11     | Killed a white ugly thing
 11027 | D:11     | Killed a cyclops
 11088 | D:11     | Noticed a two-headed ogre
 11106 | D:11     | Killed a two-headed ogre
 11217 | D:11     | Noticed a skeletal warrior
 11218 | D:11     | Noticed a skeletal warrior
 11219 | D:11     | Noticed a skeletal warrior
 11230 | D:11     | Killed a skeletal warrior
 11243 | D:11     | Slain by a skeletal warrior

Illustrated notes

Levels and vault maps discovered:
D:1:      wander_arrival_lonely_grave, layout_basic
D:2:      layout_rooms, minitemple
D:3:      layout_rooms, nicolae_overflow_crystal_walls, old_standard_altar,
          minmay_hedge_maze, uniq_crazy_yiuf_cottage
D:4:      layout_rooms, regret_index_temple_of_mockery, serial_shops, shop,
          shop, shop, shop
D:5:      layout_basic, basic_altar, hex_medium
D:6:      minmay_chambers_of_threes, layout_cave_pools, grunt_dithmenos_shadows,
          minmay_temple_entry_mini_moons
D:7:      layout_rooms, grunt_temple_overflow_growth_and_decay, serial_curves,
          eino_curves_02, eino_curves_02, david_defended_altar_elf
D:8:      gammafunk_corrupted_shrine, layout_rooms, uniq_gastronok
D:9:      layout_roguey [special_room_orc], tso_altar
D:10:     layout_gridville, orc_0_dummy, hangedman_decor_peaks_small,
          hive_lemuel
D:11:     layout_rooms, due_lair_maze_entry_diamond, serial_shops,
          kennysheep_mini_moat, lemuel_mausoleum_altar_yredelemnul, uniq_psyche

Skill      XL: |  1  2  3  4  5  6  7  8  9 10 11 |
---------------+----------------------------------+-----
Axes           | 4 5 6 7 8 10 12 13 14 | 14.8
Shields        | 2 4 6 7 8 |  8.9
Fighting       | 7 |  7.1
Dodging        | |  2.6

Action                   |  1- 3 |  4- 6 |  7- 9 | 10-12 || total
-------------------------+-------+-------+-------+-------++-------
Melee: Hand axe          |   110 |   214 |   258 |       ||   582
       War axe           |       |       |    27 |   396 ||   423
Invok: Berserk           |     4 |     8 |    14 |    20 ||    46
       Trog's Hand       |       |     1 |     1 |     2 ||     4
       Brothers in Arms  |       |       |     1 |     2 ||     3
  Use: Scroll            |       |     9 |     8 |     4 ||    21
       Potion            |       |     1 |       |     1 ||     2
 Stab: Sleeping          |       |       |     1 |       ||     1
       Distracted        |       |       |     1 |       ||     1
Armor: Animal skin       |    32 |    57 |    36 |    25 ||   150
       Robe              |       |       |       |    17 ||    17
       Troll leather arm |       |       |       |     4 ||     4
Dodge: Dodged            |    54 |    98 |    35 |    86 ||   273
Block: Tower shield      |       |    19 |   142 |   315 ||   476

Table legend: (Time is in decaauts)
 A = Elapsed time spent in this place.
 B = Non-inter-level travel time spent in this place.
 C = Inter-level travel time spent in this place.
 D = Time resting spent in this place.
 E = Time spent auto-exploring this place.
 F = Levels seen in this place.
 G = Mean time per level.
                   A        B        C        D        E       F      G
               +--------+--------+--------+--------+--------+-----+--------+
         Total |  11628 |  11385 |    243 |   4394 |   5169 |  11 | 1057.1 |
       Dungeon |  11628 |  11385 |    243 |   4394 |   5169 |  11 | 1057.1 |
               +--------+--------+--------+--------+--------+-----+--------+

Top non-repeatable levels by time:
    D:10: 1641 daAuts
     D:8: 1376 daAuts
     D:6: 1271 daAuts
     D:9: 1239 daAuts
     D:4: 1218 daAuts
     D:1: 1178 daAuts
     D:2: 1161 daAuts
     D:3: 954 daAuts
     D:7: 717 daAuts
     D:5: 631 daAuts
    D:11: 238 daAuts
